Map: Orbital Shipyard

Players

ILLBdA

  • Race: Protoss Protoss
  • League: Diamond

llllllllllll - Winner!

  • Race: Protoss Protoss
  • League: Diamond

VOD

Have the link to the VOD?

Description

Time

  • Played on: Dec. 12, 2015, 12:15 a.m.
  • Length: 5:42
Show
View Real Time Build Order
Export as new Build Order

ILLBdA Protoss 

Build Orders: Dark Templar Rush 

Get SALT Encoding   

  12  0:01  Probe (Chrono Boost)  
  13  0:11  Probe (Chrono Boost)  
  14  0:18  Pylon  
  14  0:22  Probe (Chrono Boost)  
  15  0:36  Probe (Chrono Boost)  
  15  0:38  Gateway  
  16  0:43  Assimilator  
  16  0:47  Probe (Chrono Boost)  
  17  0:57  Probe (Chrono Boost)  
  17  0:59  Assimilator  
  18  1:08  Probe (Chrono Boost)  
  19  1:14  Gateway  
  19  1:18  Probe (Chrono Boost)  
  20  1:26  Cybernetics Core  
  20  1:29  Probe (Chrono Boost)  
  21  1:35  Pylon  
  22  1:40  Probe (Chrono Boost)  
  22  2:02  Stalker x2  
  22  2:03  Warp Gate  
  22  2:07  Pylon  
  26  2:17  Twilight Council  
  27  2:25  Gateway  
  28  2:58  Stalker  
  28  3:03  Stalker  
  28  3:04  Dark Shrine  
  30  3:13  Pylon  
  26  3:27  Mothership Core (Chrono Boost)  
  24  3:54  Probe (Chrono Boost)  
  25  4:10  Pylon  
  25  4:13  Probe (Chrono Boost)  
  26  4:19  Dark Templar  
  26  4:23  Probe (Chrono Boost)  
  28  4:34  Probe (Chrono Boost)  
  29  4:44  Probe (Chrono Boost)  
  28  4:55  Dark Templar  
  22  5:22  Probe (Chrono Boost)  
Show
View Real Time Build Order
Export as new Build Order

llllllllllll Protoss - Winner!

Build Orders: Phoenix Opening 

Get SALT Encoding   

  12  0:02  Probe (Chrono Boost)  
  13  0:14  Pylon  
  13  0:18  Probe (Chrono Boost)  
  14  0:29  Probe (Chrono Boost)  
  15  0:41  Probe (Chrono Boost)  
  15  0:42  Gateway  
  16  0:47  Assimilator  
  16  0:51  Probe (Chrono Boost)  
  17  1:02  Probe (Chrono Boost)  
  18  1:06  Gateway  
  18  1:12  Probe (Chrono Boost)  
  19  1:23  Probe (Chrono Boost)  
  20  1:28  Pylon  
  20  1:37  Cybernetics Core  
  21  1:40  Probe (Chrono Boost)  
  21  1:43  Assimilator  
  21  1:50  Probe (Chrono Boost)  
  22  2:01  Probe (Chrono Boost)  
  27  2:15  Adept (Chrono Boost)  
  27  2:16  Warp Gate (Chrono Boost)  
  27  2:17  Adept (Chrono Boost)  
  27  2:28  Pylon  
  29  2:41  Stargate  
  27  2:45  Adept (Chrono Boost)  
  27  2:49  Adept (Chrono Boost)  
  31  2:56  Mothership Core  
  33  3:05  Nexus  
  33  3:17  Probe  
  34  3:30  Probe  
  35  3:37  Robotics Facility  
  31  3:45  Probe  
  32  3:53  Pylon  
  32  3:55  Pylon  
  32  3:56  Phoenix (Chrono Boost)  
  32  3:57  Probe  
  35  4:29  Observer (Chrono Boost)  
  36  4:32  Stalker x2  
  40  4:49  Pylon, Void Ray  
  44  5:04  Immortal (Chrono Boost)  
  47  5:35  Stalker  
  47  5:36  Stalker  
  47  5:37  Pylon  
Tags
 
Add a new tag
Caveats
  • Supply blocks, unpowered buildings, or Contaminate may cause inaccurate times.
  • Supply counts are checked every 10 seconds.